AoeStats
← ]JorgeFarola

Arena

506293349Analyzed
1v1 RM · 20d ago on Sep 13, 2026· 27m 38s· 2 players
Game mode
Random Map
Map size
Tiny (2 player)
Population
200
Speed
Normal
Resources
Standard
Victory
Conquest
Starting age
Dark Age
Ending age
Imperial Age
RankedLock teamsTeams togetherTeam positionsShared explorationLock speedFull tech treeHidden civsTurbo modeCheats
Victory
Defeat
🇦🇷 Cumans · Argentina
1150
+15
🇺🇸 Britons · United States
1135
-15
Night Wolf
9:49 Feudal Age
12:01 Loom
13:04 Man-at-Arms
26:51 Castle Age
24:57 Double-Bit Axe
25:20 Gold Mining
25:39 Horse Collar
]JorgeFarola
6:31 Loom
9:21 Feudal Age
10:24 Fletching
Connection lost

Rejoining the realm…

Still unreachable

The connection could not be restored.

Session expired

The server has moved on; the page needs a fresh start.